woodfighter, chaotic female elven Rogue o o @ f --------# |......|# |......|# +......|# |....<..# -------- woodfighter the Cutpurse Experience level: 4 Strength: 11 Dexterity: 17 Constitution: 15 Intelligence: 14 Wisdom: 13 Charisma: 7 Health: 0(27) Energy: 28(28) Def: 4 Gold: 19 Moves: 2351 Dungeon seed: S8rH5PfkFgJIhJz6 Game ID: woodfighter_1515660856 Your Inventory: Coins $ - 19 gold pieces Amulets m - an uncursed amulet of reflection (being worn) Weapons a - a +0 elven short sword (weapon in hand) b - 14 +0 elven daggers (in quiver) Armor e - an uncursed +1 leather armor (being worn) n - an uncursed +0 Hawaiian shirt z - a cursed -1 pair of gauntlets of fumbling N - an uncursed +0 orcish helm (being worn) Comestibles i - an uncursed banana j - 2 uncursed cram rations k - an uncursed lichen corpse q - an uncursed candy bar r - 2 uncursed food rations t - an uncursed eucalyptus leaf x - an uncursed sprig of wolfsbane B - an uncursed tripe ration Tools g - an uncursed blindfold s - an uncursed sack y - an uncursed lock pick Contents of the sack: 658 gold pieces a cursed [-2] pair of levitation boots an uncursed scroll of charging an uncursed scroll of enchant weapon an uncursed scroll of light an uncursed scroll of remove curse 2 uncursed scrolls of scare monster an uncursed spellbook of detect food 2 uncursed potions of sickness a wand of opening (0:3) Spells and supernatural/magical abilities: Name Level Category Fail Memory W - pray for help -- divine ? -- Your skills at the end: Miscellaneous Skills wands [Basic] Weapon Skills dagger [Basic] short sword [Basic] Spellcasting Skills Final Attributes: You were piously aligned. You were sleep resistant. You were poison resistant. You had infravision. You were stealthy. You had reflection. You are dead. Vanquished creatures: a fog cloud 2 shriekers an iguana a hill orc 2 coyotes a hobbit a large kobold 3 geckos a giant rat 4 cave spiders a green mold 2 gnomes 4 jackals a kobold 6 newts 2 goblins a sewer rat 7 grid bugs 2 lichens 2 kobold zombies 45 creatures vanquished. Voluntary challenges: You did not cause conflict. You were not invisible. You were not displaced. You used a wielded weapon 64 times, starting on turn 129. You did not apply a unicorn horn. You did not use plumbed fixtures. You did not drink any magical draughts. You were illiterate. You never genocided any monsters. You never polymorphed an object. You never changed form. You used no wishes. You never split a pudding. You never wrote Elbereth's name. You never violated your personal moral code. Dungeon overview: The Dungeons of Doom: levels 1 to 6 Level 1 a fountain a long staircase Level 2 (vault) an altar to Mog stairs to The Gnomish Mines Level 3 (vault) an armor shop, a fountain, a sink Level 4 an altar to Issek, a fountain Level 5 (vault) Level 6 <- You were here The Gnomish Mines: Level 3 stairs to The Dungeons of Doom History has recorded: On T:1 you entered the Dungeons of Doom to retrieve the Amulet of Yendor! On T:252 you reached level 2 of The Dungeons of Doom. On T:332 you reached level 3 of The Dungeons of Doom. On T:543 you reached level 1 of The Gnomish Mines. On T:598 you advanced to experience level 2. On T:1018 you reached level 4 of The Dungeons of Doom. On T:1413 you advanced to experience level 3. On T:1664 you reached level 5 of The Dungeons of Doom. On T:1908 you reached level 6 of The Dungeons of Doom. On T:1929 you advanced to experience level 4. Score breakdown: Gold: 677 ( 67 points) Experience: 4 levels ( 300 points) Exploration: 6 levels ( 150 points) Discoveries: 11 items ( 550 points) Variety of kills: 20 monsters ( 1000 points) Major goal: (nothing yet) ( 0 points) Survival: died (score multiplied by 3) Total score: 6201 Latest messages: You start equipping your iron skull cap. You are now wearing an iron skull cap. Where do you want to travel to? You see here a chest. You named this level: vault. Where do you want to travel to? You stop travelling. The gecko bites! You kill the gecko! You displace kitty. You stop exploring. The hill orc punches you! You stab the hill orc. The hill orc punches you! You stab the hill orc. The hill orc punches you! You stab the hill orc. You stab the hill orc! The hill orc punches you! You kill the hill orc! $ - 19 gold pieces. The hill orc swings her curved sword at you. The hill orc slashes you! You die... Final status: Goodbye woodfighter the Rogue, killed by a hill orc... You died in The Dungeons of Doom on dungeon level 6 with 6201 points, and 677 pieces of gold, after 2351 moves. You were level 4 with a maximum of 27 hit points when you died.